 Dungeon Crawl Stone Soup version 0.30-a0-1042-gacf32f4bd3 (webtiles) character file.

Game seed: 245648121090349808

186 Lavandula the Changer (level 5, -2/37 HPs)
             Began as a Merfolk Transmuter on Apr 9, 2023.
             Killed from afar by a gnoll (3 damage)
             ... with a puff of flame
             ... on level 3 of the Dungeon.
             The game lasted 00:07:35 (2361 turns).

Lavandula the Changer (Merfolk Transmuter)          Turns: 2361, Time: 00:07:35

Health: -2/37      AC:  6    Str: 12    XL:     5   Next: 66%
Magic:  8/8        EV: 12    Int: 12    God:
Gold:   103        SH:  0    Dex: 15    Spells: 2/8 levels left

rFire   . . .      SeeInvis .      - Unarmed
rCold   . . .      Faith    .    (no shield)
rNeg    . . .      Spirit   .    l - +2 leather armour of Niodghug {rPois}
rPois   +          Reflect  .    (helmet currently unavailable)
rElec   .          Rampage  .    e - +0 cloak
rCorr   .                        (no gloves)
Will    .....                    (boots currently unavailable)
Stlth   +                        (no amulet)
HPRegen 0.26/turn                (no ring)
MPRegen 0.11/turn                (no ring)

@: appendages (expiring)
A: horns 2, (nimble swimmer 2), mertail
a: End Transformation


You were on level 3 of the Dungeon.
You had temporarily grown beastly horns.
You visited 1 branch of the dungeon, and saw 4 of its levels.

You collected 103 gold pieces.

Inventory:

Armour
 e - a +0 cloak (worn)
 l - the +2 leather armour of Niodghug (worn) {rPois}
   (You found it on level 4 of the Dungeon)

   rPois:     It protects you from poison.
Scrolls
 a - a scroll of enchant armour {unknown}
 c - a scroll of silence {unknown}
 f - a scroll of brand weapon
 g - a scroll of enchant weapon {unknown}
 i - a scroll of amnesia {unknown}
 j - 2 scrolls of noise {unknown}
 k - a scroll of fear {unknown}
 m - a scroll of teleportation {unknown}
Potions
 b - 2 potions of lignification
 d - a potion of might
 h - a potion of haste
 n - a potion of resistance {unknown}


   Skills:
 - Level 1.1 Fighting
 - Level 2.6 Dodging
 - Level 4.6 Unarmed Combat
 - Level 2.0 Spellcasting
 + Level 5.8 Transmutations
 - Level 2.0 Poison Magic


You had 2 spell levels left.
You knew the following spells:

 Your Spells              Type           Power      Damage    Failure   Level
a - Beastly Appendage     Tmut           30%        N/A       3%          1
b - Wereblood             Tmut           15%        N/A       4%          2
c - Spider Form           Tmut/Pois      10%        N/A       22%         3

Your spell library contained the following spells:

 Spells                   Type           Power      Damage    Failure   Level
 Passwall                 Tmut/Erth      6%         N/A       16%         2
 Kiss of Death            Conj/Necr      4%         2d5       34%         1
 Ensorcelled Hibernation  Hex/Ice        2%         N/A       45%         2
 Confusing Touch          Hex            1%         N/A       71%         3
 Gell's Gravitas          Tloc           1%         N/A       71%         3
 Swiftness                Air            1%         N/A       71%         3
 Teleport Other           Tloc           1%         N/A       71%         3
 Ice Form                 Ice/Tmut       8%         N/A       71%         4
 Olgreb's Toxic Radiance  Pois           6%         N/A       83%         4
 Dispel Undead            Necr           1%         3d6       98%         4
 Dispersal                Tloc           0%         N/A       100%        6
 Discord                  Hex            0%         N/A       100%        8
 Ignition                 Fire           0%         3d3       100%        8


Dungeon Overview and Level Annotations

Branches:
Dungeon (4/15)
 Temple: D:4-7

Altars:
The Shining One


Innate Abilities, Weirdness & Mutations

You have temporarily grown beastly horns.
((You are very nimble when in or above water. (Stealth+, EV+, Speed+++)))
Your lower body shifts to a powerful aquatic tail in water.


Message History

The gnoll completely misses you.
You hit the gnoll but do no damage.
You tail-slap the gnoll, but do no damage.
Your transformation is almost over.
You hit the gnoll.
You headbutt the gnoll, but do no damage.
The gnoll is lightly wounded.
The gnoll hits you but does no damage.
You hit the gnoll.
You headbutt the gnoll, but do no damage.
The gnoll is moderately wounded.
The gnoll completely misses you. The gnoll misses you. x2
You hit the gnoll but do no damage.
The gnoll is moderately wounded.
The gnoll hits you but does no damage. The gnoll barely misses you.
The gnoll hits you with a +0 club.
You closely miss the gnoll. You headbutt the gnoll.
Your punch misses the gnoll.
The gnoll is severely wounded.
The gnoll hits you with a +0 whip!
The gnoll splashes around in the water.
The gnoll zaps a wand.
The puff of flame hits you!
You barely miss the gnoll.
The gnoll is severely wounded.
You are engulfed in a cloud of scalding steam.
* * * LOW HITPOINT WARNING * * *
The gnoll closely misses you.
The gnoll splashes around in the water.
The gnoll barely misses you.
Unknown command.
The gnoll hits you with a +0 whip.
* * * LOW HITPOINT WARNING * * *
Unknown command.
Unknown command.
The gnoll hits you with a +0 club.
* * * LOW HITPOINT WARNING * * *
Unknown command.
The gnoll attacks as you move away! The gnoll hits you with a +0 club.
* * * LOW HITPOINT WARNING * * *
The gnoll attacks as you move away! The gnoll barely misses you.
The gnoll zaps a wand.
The puff of flame hits you.
You die...

## #. .. #. ##. #.
#.. .# #.#
##.###.###### #.#
#............ #.#
#.~g~~~~.~.# #.#
#.§P.@...~.# #.#
#.gg####.P.# #.#
#.~.P._# ..#
#.###...####P .
#.##..~.....P
###.#...P⌠~.P⌠⌠~.#
#....#...........#
#.###.#..###..##.#
#. #.#
##!...##..##.# #.


You could see 3 gnolls.

Vanquished Creatures
  A hound (D:4)
  Ijyb (D:4)
  A gnoll (D:3)
  5 adders
  A worm (D:2)
  3 dart slugs
  6 bats
  10 endoplasms
  3 giant cockroaches
  9 hobgoblins
  3 jackals (D:2)
  8 kobolds
  A quokka (D:1)
  7 ball pythons
  5 frilled lizards
  2 goblins (D:2)
  2 rats
68 creatures vanquished.

Vanquished Creatures (others)
  4 fungi (D:4)
  A plant (D:3)
5 creatures vanquished.

Grand Total: 73 creatures vanquished

Notes
Turn   | Place    | Note
-------+----------+-------------------------------------------
     0 | D:1      | Lavandula the Merfolk Transmuter began the quest for the
                  | Orb.
     0 | D:1      | Reached XP level 1. HP: 15/15 MP: 3/3
   345 | D:1      | Reached XP level 2. HP: 20/21 MP: 3/5
   351 | D:1      | Learned a level 2 spell: Wereblood
   669 | D:1      | Reached XP level 3. HP: 26/26 MP: 4/6
   673 | D:1      | Learned a level 3 spell: Spider Form
  1101 | D:2      | Reached skill level 1 in Poison Magic
  1360 | D:2      | Reached skill level 3 in Transmutations
  1360 | D:2      | Reached XP level 4. HP: 32/32 MP: 5/7
  1528 | D:2      | Reached skill level 4 in Transmutations
  1737 | D:3      | You fall into a shaft and drop 1 floor!
  1751 | D:4      | Identified the +2 leather armour of Niodghug {rPois}
  1789 | D:4      | Noticed Ijyb
  1798 | D:4      | Killed Ijyb
  1799 | D:4      | Reached XP level 5. HP: 37/37 MP: 1/8
  1937 | D:4      | Found a glowing golden altar of the Shining One.
  1973 | D:4      | Reached skill level 5 in Transmutations
  2337 | D:3      | Found a faded altar of an unknown god.
  2361 | D:3      | HP: 1/37 [gnoll/+0 club (6)]
  2361 | D:3      | Killed from afar by a gnoll

Illustrated notes

Levels and vault maps discovered:
D:1:      dpeg_arrival_yet_another_circle, layout_loops_ring
D:2:      layout_rooms
D:3:      layout_loops_ring, shapermc_ecumenical_altar_acropolis,
          uniq_crazy_yiuf_cottage
D:4:      layout_basic, mainiacjoe_overflow_boulevard, uniq_ijyb

Skill      XL: |  1  2  3  4  5 |
---------------+----------------+-----
Unarmed Combat | 4 |  4.6
Poison Magic   | 2 |  2.0
Transmutations | 3 4 5 |  5.8
Fighting       | |  1.1
Dodging        | |  2.6
Spellcasting   | |  2.0

Action                     |  1- 3 |  4- 6 || total
---------------------------+-------+-------++-------
  Melee: Unarmed           |   108 |    87 ||   195
         Headbutt          |    16 |    11 ||    27
         Punch             |       |     3 ||     3
         Tailslap          |       |     1 ||     1
   Cast: Beastly Appendage |    19 |     7 ||    26
         Spider Form       |     1 |     8 ||     9
    Use: Scroll            |       |     4 ||     4
   Stab: Sleeping          |     1 |       ||     1
 Armour: Robe              |    28 |     2 ||    30
         Skin              |       |     7 ||     7
         Leather armour    |       |    12 ||    12
  Dodge: Dodged            |    70 |    63 ||   133

Table legend: (Time is in decaauts)
 A = Elapsed time spent in this place.
 B = Non-inter-level travel time spent in this place.
 C = Inter-level travel time spent in this place.
 D = Time resting spent in this place.
 E = Time spent auto-exploring this place.
 F = Levels seen in this place.
 G = Mean time per level.
                   A        B        C        D        E       F      G
               +--------+--------+--------+--------+--------+-----+--------+
         Total |   2345 |   2211 |    134 |    146 |   1518 |   4 |  586.2 |
       Dungeon |   2345 |   2211 |    134 |    146 |   1518 |   4 |  586.2 |
               +--------+--------+--------+--------+--------+-----+--------+

Top non-repeatable levels by time:
     D:1: 1134 daAuts
     D:2: 558 daAuts
     D:4: 329 daAuts
     D:3: 323 daAuts
